Map: Winter Madness LE

Players

Flensaj - Winner!

  • Race: Zerg Zerg
  • Spawn Location: 11:00

VOD

Have the link to the VOD?

Description

Time

  • Played on: Dec. 30, 2025, 7:09 a.m.
  • Length: 25:05
Show
View Real Time Build Order
Export as new Build Order

Flensaj Zerg - Winner!

Build Orders:  

Get SALT Encoding   

  12  0:03  Drone  
  13  0:13  Drone  
  14  0:27  Overlord  
  14  0:52  Drone x3  
  17  1:31  Hatchery  
  17  1:33  Drone x2  
  18  1:53  Extractor  
  18  1:54  Drone  
  18  2:02  Overlord  
  18  2:07  Spawning Pool  
  18  2:09  Drone  
  18  2:22  Drone  
  19  2:37  Drone  
  20  2:44  Extractor  
  19  3:07  Drone  
  20  3:13  Queen  
  20  3:16  Queen  
  20  3:17  Drone  
  25  3:21  Drone  
  26  3:32  Drone  
  27  3:43  Overlord  
  27  3:49  Drone x2  
  29  4:18  Zergling x6  
  29  4:19  Zergling x2, Metabolic Boost  
  33  4:27  Drone  
  34  4:35  Drone  
  35  4:57  Drone  
  36  5:02  Zergling x10  
  41  5:26  Drone x2  
  43  5:44  Lair  
  43  5:56  Roach Warren  
  42  6:00  Evolution Chamber, Drone  
  42  6:14  Overlord x2  
  42  6:15  Overlord  
  42  6:30  Drone  
  42  6:31  Drone  
  44  6:41  Drone  
  44  6:49  Evolution Chamber  
  44  6:57  Zerg Melee Weapons Level 1  
  44  7:11  Roach x5  
  44  7:12  Roach x5  
  44  7:13  Roach  
  66  7:25  Drone  
  67  7:35  Glial Reconstitution  
  67  7:43  Drone  
  68  7:52  Overlord x4  
  68  8:03  Zerg Missile Weapons Level 1  
  68  8:13  Drone x2, Extractor x2  
  68  8:20  Roach  
  68  8:21  Roach x3  
  68  8:22  Roach  
  78  8:49  Roach x4  
  86  8:50  Roach  
  86  8:53  Drone  
  86  8:56  Drone x3  
  86  8:58  Drone  
  93  9:14  Drone  
  94  9:23  Queen  
  94  9:24  Tunneling Claws  
  96  9:31  Roach  
  96  9:32  Roach  
  96  9:37  Zerg Ground Armor Level 1  
  100  9:43  Hydralisk Den, Overlord x3  
  99  10:08  Overseer  
  99  10:09  Infestation Pit  
  98  10:13  Roach x5  
  108  10:56  Zergling x8  
  108  10:57  Zergling x6  
  115  11:27  Hydralisk  
  115  11:28  Hydralisk x3  
  123  11:35  Overlord x3  
  123  11:43  Unknown  
  123  11:57  Extractor  
  122  12:01  Hatchery  
  122  12:02  Extractor  
  120  12:18  Hydralisk x4  
  128  12:43  Drone x2  
  130  13:03  Hydralisk x2  
  130  13:04  Hydralisk x2  
  138  13:13  Unknown  
  118  13:29  Roach x2  
  108  13:30  Roach x3  
  108  13:37  Hive  
  100  13:51  Drone  
  100  13:53  Drone  
  100  13:54  Drone x2  
  100  13:55  Drone x3  
  107  14:06  Queen  
  109  14:14  Roach x3  
  115  14:31  Zerg Melee Weapons Level 2  
  115  14:32  Zerg Missile Weapons Level 2  
  115  14:54  Roach  
  115  14:55  Roach x6  
  115  14:57  Roach  
  131  15:23  Roach  
  131  15:24  Roach x5  
  143  15:37  Drone x2  
  143  15:38  Drone  
  146  15:43  Drone x3  
  146  15:45  Overlord  
  146  15:46  Overlord  
  146  15:47  Overseer  
  149  15:53  Hydralisk  
  151  16:09  Drone x2  
  98  16:10  Drone  
  153  16:12  Overlord  
  153  16:13  Overlord x2  
  153  16:19  Hydralisk  
  99  16:20  Hydralisk  
  158  16:49  Hydralisk x3  
  164  16:50  Hydralisk x2  
  168  17:25  Hydralisk x2  
  168  17:26  Hydralisk x4  
  180  17:32  Overlord x2  
  180  17:53  Hydralisk  
  180  17:54  Hydralisk x5  
  190  18:27  Unknown  
  168  18:33  Roach  
  168  18:34  Roach x5  
  168  18:35  Roach x2  
  152  18:52  Roach x2  
  154  19:05  Drone x4  
  146  19:30  Roach x4  
  146  19:38  Roach x4  
  146  19:39  Roach x7  
  176  19:40  Roach  
  176  20:11  Zerg Missile Weapons Level 3, Zerg Ground Armor Level 2  
  176  20:37  Roach  
  176  20:38  Roach x5  
  176  20:39  Roach x2  
  200  20:58  Hatchery  
  200  22:30  Hatchery  
  200  22:35  Spire  
  200  22:38  Ultralisk Cavern  
  193  23:00  Hatchery  
  192  23:52  Queen  
  194  24:38  Extractor  
  193  24:40  Extractor  
Tags
 
Add a new tag
Caveats
  • Supply blocks, unpowered buildings, or Contaminate may cause inaccurate times.
  • Supply counts are checked every 10 seconds.